woodfighter, chaotic female sylph Ranger ------ ----- |....| |...| |.``.----...| |.`.....%...| |..--->---..| |---------.--- |)`^^^<|.....| |(u----|.....| --@| |.....| |.-----.....| |...........| |..---------- ---- woodfighter the Trailblazer Experience level: 6 Strength: 14 Dexterity: 12 Constitution: 15 Intelligence: 15 Wisdom: 13 Charisma: 8 Health: 0(48) Energy: 33(33) Def: 3 Gold: 671 Moves: 3756 Dungeon seed: QDZffQW_3s5b6T1W Game ID: woodfighter_1465560359 Your Inventory: Coins $ - 671 gold pieces Weapons a - a +1 dagger (alternate weapon; not wielded) b - a blessed +2 bow (weapon in hand) c - 42 +2 arrows (in quiver) d - 36 +0 arrows S - 8 +0 elven arrows U - 8 +0 arrows Y - a +0 elven bow Armor e - an uncursed +2 cloak of displacement (being worn) n - an uncursed +0 pair of elven boots Comestibles f - 3 uncursed cram rations w - 8 uncursed food rations D - 3 uncursed sprigs of wolfsbane H - an uncursed tin of lichen Z - an uncursed tin of rock mole meat Scrolls m - an uncursed scroll of identify t - an uncursed scroll of punishment z - an uncursed scroll of light A - a blessed scroll of teleportation B - an uncursed scroll of blank paper C - an uncursed scroll of teleportation E - 2 uncursed scrolls of earth G - a cursed scroll of teleportation N - an uncursed scroll of water P - a cursed scroll of blank paper W - a blessed scroll of food detection Spellbooks o - an uncursed spellbook of knock Potions h - an uncursed potion of gain energy i - an uncursed potion of healing j - a blessed potion of see invisible r - a cursed potion of gain ability K - an uncursed potion of restore ability X - an uncursed potion of invisibility Rings F - an uncursed ring of poison resistance Wands g - a wand of slow monster (0:3) k - a wand of cancellation (0:3) l - a wand of striking (0:4) p - a wand of light (0:10) y - a wand of fire (0:4) Tools u - an uncursed towel v - an uncursed lock pick T - an uncursed brass lantern (0:1313) Spells and supernatural/magical abilities: Name Level Category Fail Memory W - pray for help -- divine ? -- Your skills at the end: Miscellaneous Skills wands [Basic] Weapon Skills dagger [Basic] bow [Basic] Spellcasting Skills Final Attributes: You were devoutly aligned. You saw invisible. You had automatic searching. You had infravision. You were displaced. You were stealthy. You were protected from shape changers. You are dead. Vanquished creatures: a giant beetle a brown pudding 3 human zombies a Woodland-elf 3 rock piercers a fog cloud a black naga hatchling 2 gray oozes 2 little dogs 2 dwarves a homunculus a kobold shaman 2 iguanas a rothe a rabid rat a centipede a giant bat a wererat 3 killer bees a gas spore 4 hobbits 2 acid blobs 5 geckos a giant rat a cave spider a brown mold 5 yellow molds a gnome zombie 20 jackals a fox 7 newts a goblin 3 sewer rats 13 grid bugs 7 lichens a kobold zombie 103 creatures vanquished. Voluntary challenges: You followed a strict vegan diet. You did not adorn yourself with jewelry or accessories. You used a wielded weapon 47 times, starting on turn 141. You did not use containers. You did not apply a unicorn horn. You read items or engraved 2 times, starting on turn 486. You never genocided any monsters. You never polymorphed an object. You never changed form. You used no wishes. You never split a pudding. You never wrote Elbereth's name. You violated your moral code, losing 5 points of alignment, starting on turn 3323. Dungeon overview: The Dungeons of Doom: levels 1 to 9 Level 1 (locked box) a fountain a long staircase Level 2 an altar to Mars, a fountain stairs to The Gnomish Mines Level 3 (locked chest) a fountain Level 4 Level 5 a fountain Level 6 Level 7 many fountains Level 8 an altar to Venus, a fountain stairs to Sokoban Level 9 The Gnomish Mines: Level 3 stairs to The Dungeons of Doom Sokoban: Level 7 <- You were here a magic chest stairs to The Dungeons of Doom History has recorded: On T:1 you entered the Dungeons of Doom to retrieve the Amulet of Yendor! On T:83 you reached level 2 of The Dungeons of Doom. On T:285 you advanced to experience level 2. On T:387 you reached level 1 of The Gnomish Mines. On T:465 you reached level 3 of The Dungeons of Doom. On T:986 you advanced to experience level 3. On T:1088 you reached level 4 of The Dungeons of Doom. On T:1414 you reached level 5 of The Dungeons of Doom. On T:1490 you advanced to experience level 4. On T:1952 you reached level 6 of The Dungeons of Doom. On T:2180 you advanced to experience level 5. On T:2202 you reached level 7 of The Dungeons of Doom. On T:2576 you advanced to experience level 6. On T:2834 you reached level 8 of The Dungeons of Doom. On T:3250 you reached level 4 of Sokoban. On T:3296 you reached level 9 of The Dungeons of Doom. Score breakdown: Gold: 671 ( 67 points) Experience: 6 levels ( 500 points) Exploration: 9 levels ( 240 points) Discoveries: 1 item ( 50 points) Variety of kills: 36 monsters ( 1800 points) Major goal: (nothing yet) ( 0 points) Survival: died (score multiplied by 3) Total score: 7971 Latest messages: The gray unicorn butts! The gray unicorn kicks! With great effort you move the boulder. (2x) The gray unicorn butts! The gray unicorn kicks! With great effort you move the boulder. The gray unicorn butts! The gray unicorn kicks! With great effort you move the boulder. You shoot 2 arrows. You shoot 2 arrows. With great effort you move the boulder. The gray unicorn butts! The gray unicorn just misses! The gray unicorn butts! The gray unicorn kicks! The arrow hits the gray unicorn! The gray unicorn butts! The gray unicorn kicks! The gray unicorn butts! The gray unicorn kicks! The gray unicorn butts! You die... Final status: Goodbye woodfighter the Ranger, killed by a gray unicorn... You died in Sokoban on dungeon level 7 with 7971 points, and 671 pieces of gold, after 3756 moves. You were level 6 with a maximum of 48 hit points when you died.